 Dungeon Crawl Stone Soup version 0.29-a0-617-g7a6b98fccd (webtiles) character file.

Game seed: 5117993020118349299

84 Mania the Digger (level 5, -1/57 HPs)
             Began as a Meteoran Earth Elementalist on June 17, 2022.
             Shot with an arrow by a centaur (2 damage)
             ... on level 5 of the Dungeon.
             The game lasted 00:03:41 (486 turns).

Mania the Digger (Meteoran Earth Elementalist)       Turns: 486, Time: 00:03:42

Health: -1/57      AC: 22    Str:  9    XL:     5   Next: 4%
Magic:  8/11       EV:  2    Int: 18    God:
Gold:   53         SH:  0    Dex: 15    Spells: 5/11 levels left

rFire   . . .      SeeInvis .   (no weapon)
rCold   . . .      Faith    .   (no shield)
rNeg    . . .      Spirit   .   (body armour currently unavailable)
rPois   +          Reflect  .   (helmet currently unavailable)
rElec   .          Harm     .   (cloak currently unavailable)
rCorr   .          Rampage  .   (gloves currently unavailable)
Will    .....      NoTele   +   (boots currently unavailable)
Stlth   +.........              (no amulet)
HPRegen 0.19/turn               (no ring)
MPRegen 0.12/turn               (no ring)

@: tree-form, very slightly contaminated, glowing
A: stationary, stasis, torment immunity, boosted hp, sense surroundings 1,
otherworldly, glowing, explore regen
a: no special abilities


You were on level 5 of the Dungeon.
You were a tree.
You visited 1 branch of the dungeon, and saw 5 of its levels.

You collected 53 gold pieces.

Inventory:

Hand Weapons
 c - a +0 spear
Armour
 a - a +0 robe (melded)
 g - a +0 pair of gloves (melded)
Magical Staves
 h - a staff of cold
Scrolls
 d - a scroll of amnesia {unknown}
 f - a scroll of poison {unknown}
 i - a scroll of identify {unknown}
 j - a scroll of enchant armour {unknown}


   Skills:
 - Level 2.4 Dodging
 - Level 1.4 Stealth
 + Level 3.9 Spellcasting
 * Level 0.1 Conjurations
 - Level 3.0 Transmutations
 * Level 4.6 Earth Magic


You had 5 spell levels left.
You knew the following spells:

 Your Spells              Type           Power      Damage    Failure   Level
a - Sandblast             Erth           40%        2d10      2%          1
b - Stone Arrow           Conj/Erth      24%        3d8       17%         3
c - Blink                 Tloc           6%         N/A       22%         2

Your spell library contained the following spells:

 Spells                   Type           Power      Damage    Failure   Level
 Passwall                 Tmut/Erth      14%        N/A       4%          2
 Slow                     Hex            12%        N/A       16%         1
 Petrify                  Tmut/Erth      17%        N/A       30%         4
 Confusing Touch          Hex            3%         N/A       41%         3
 Lesser Beckoning         Tloc           3%         N/A       41%         3
 Vampiric Draining        Necr           3%         2d6       41%         3
 Manifold Assault         Tloc           3%         N/A       99%         5


Dungeon Overview and Level Annotations

Branches:
Dungeon (5/15) Zot: 2492
 Temple: D:4-7

Altars:


Innate Abilities, Weirdness & Mutations

You are a tree.
Your roots penetrate the ground, keeping you stationary.
You cannot be teleported.
You are immune to unholy pain and torment.
Your maximum health is greatly increased.
Your equipment is partially melded.
You passively map a small area around you.
You are easily found by Zot.
You glow in the dark.
You regain HP and MP as you explore.


Message History

You miscast Stone Arrow.
You are very lightly contaminated with residual magic.
Nothing appears to happen.
The centaur shoots an arrow.
The arrow hits you but does no damage.
The centaur shoots an arrow.
The arrow hits you.
* * * LOW HITPOINT WARNING * * *
Casting: Stone Arrow (dangerous; 17% risk of failure)
Confirm with . or Enter, or press ? or * to list all spells.
Aiming: Stone Arrow (dangerous; 17% risk of failure)
Press: ? - help, Shift-Dir - straight line, f/p - centaur
Aim: a centaur, wielding a +0 shortbow (81% to hit)
The stone arrow hits the centaur!
The centaur is moderately wounded.
The centaur shoots an arrow.
The arrow hits you.
* * * LOW HITPOINT WARNING * * *
Casting: Stone Arrow (dangerous; 17% risk of failure)
Confirm with . or Enter, or press ? or * to list all spells.
Aiming: Stone Arrow (dangerous; 17% risk of failure)
Press: ? - help, Shift-Dir - straight line, f/p - centaur
Aim: a centaur, wielding a +0 shortbow (moderately wounded, 81% to hit)
The stone arrow hits the centaur.
The centaur is severely wounded.
The centaur shoots an arrow.
The arrow hits you.
* * * LOW HITPOINT WARNING * * *
The centaur shoots an arrow.
The arrow hits you but does no damage.
Casting: Stone Arrow (dangerous; 17% risk of failure)
Confirm with . or Enter, or press ? or * to list all spells.
You don't have enough magic to cast this spell.
Magic courses through your body.
Casting: Stone Arrow (dangerous; 17% risk of failure)
Confirm with . or Enter, or press ? or * to list all spells.
Aiming: Stone Arrow (dangerous; 17% risk of failure)
Press: ? - help, Shift-Dir - straight line, f/p - centaur
Aim: a centaur, wielding a +0 shortbow (severely wounded, 81% to hit)
You miscast Stone Arrow.
A wave of violent energy washes through your body.
* * * LOW HITPOINT WARNING * * *
The centaur shoots an arrow.
The arrow hits you but does no damage.
The centaur shoots an arrow.
The arrow hits you.
You die...

, , , * # . ,
####.########..
, ,
.......<.......
##.#.##).......
, #........ , *
*#♣.[.....
#........ ,
#........
#c.......
#........,
#........ *
#........
#........ ,


You could see a centaur.

Vanquished Creatures
  A scorpion (D:4)
  An adder (D:2)
  An orc (D:4)
  4 ball pythons
  A bat (D:1)
  3 endoplasms
  2 giant cockroaches (D:3)
  2 hobgoblins
  A goblin (D:4)
16 creatures vanquished.

Notes
Turn   | Place    | Note
-------+----------+-------------------------------------------
     0 | D:1      | Mania the Meteoran Earth Elementalist began the quest for
                  | the Orb.
     0 | D:1      | Reached XP level 1. HP: 14/14 MP: 5/5
    64 | D:2      | Reached XP level 2. HP: 20/20 MP: 3/6
    85 | D:2      | Reached skill level 4 in Earth Magic
   151 | D:3      | Reached XP level 3. HP: 26/26 MP: 6/8
   191 | D:4      | Noticed a scorpion
   198 | D:4      | Killed a scorpion
   199 | D:4      | Reached XP level 4. HP: 19/33 MP: 6/10
   284 | D:4      | Learned a level 3 spell: Stone Arrow
   306 | D:4      | Reached XP level 5. HP: 38/38 MP: 9/11
   387 | D:4      | Learned a level 2 spell: Blink
   477 | D:5      | Entered Level 5 of the Dungeon
   477 | D:5      | Noticed a centaur
   486 | D:5      | HP: 1/57 [something (5)]
   486 | D:5      | Shot with an arrow by a centaur

Illustrated notes

Levels and vault maps discovered:
D:1:      roderic_dead_forest, layout_rooms, shapermc_ecumenical_altar_pompeii,
          serial_curves, eino_curves_04, eino_curves_01, eino_curves_04
D:2:      layout_loops_ring
D:3:      layout_basic, kennysheep_slug_shrine, demons_altar
D:4:      layout_loops_corners, cheibrodos_sewer_entry_bend
D:5:      layout_basic, nicolae_yredelemnul_ghost_church, uniq_eustachio,
          uniq_ijyb

Skill      XL: |  1  2  3  4 |
---------------+-------------+-----
Spellcasting   | 3 |  3.9
Earth Magic    | 4 |  4.6
Transmutations | 2 3 |  3.0
Dodging        | |  2.4
Stealth        | |  1.4
Conjurations   | |  0.1

Action                   |  1- 3 |  4- 6 || total
-------------------------+-------+-------++-------
Melee: Unarmed           |     2 |       ||     2
 Cast: Sandblast         |    16 |     4 ||    20
       Stone Arrow       |       |     2 ||     2
  Use: Potion            |     2 |     2 ||     4
Armor: Robe              |     2 |       ||     2
       Skin              |     2 |     4 ||     6
Dodge: Dodged            |    10 |     2 ||    12

Table legend: (Time is in decaauts)
 A = Elapsed time spent in this place.
 B = Non-inter-level travel time spent in this place.
 C = Inter-level travel time spent in this place.
 D = Time resting spent in this place.
 E = Time spent auto-exploring this place.
 F = Levels seen in this place.
 G = Mean time per level.
                   A        B        C        D        E       F      G
               +--------+--------+--------+--------+--------+-----+--------+
         Total |    506 |    506 |      0 |     36 |      0 |   5 |  101.2 |
       Dungeon |    506 |    506 |      0 |     36 |      0 |   5 |  101.2 |
               +--------+--------+--------+--------+--------+-----+--------+

Top non-repeatable levels by time:
     D:4: 302 daAuts
     D:3: 94 daAuts
     D:1: 58 daAuts
     D:2: 41 daAuts
     D:5: 8 daAuts
